 Dungeon Sprint DCSS version 0.31-a0-841-g038b102fc3 (webtiles) character file.

Game seed: 14631063925264665400

1054 sircluck the Grappler (level 8, -1/138 HPs)
             Began as a Troll Berserker on Sept 27, 2023.
             Was a Believer of Trog.
             Slain by an elephant (12 damage)
             ... in the Dungeon (Sprint VII: "The Pits").
             The game lasted 00:00:54 (36 turns).

sircluck the Grappler (Troll Berserker)               Turns: 36, Time: 00:00:55

Health: -1/138     AC:  4    Str: 28    XL:     8   Next: 5%
Magic:  7/7        EV: 12    Int:  3    God:    Trog [**....]
Gold:   0          SH:  0    Dex:  9    Spells: 7/7 levels left

rFire   . .          .
                       - Unarmed
rCold   . . .        (no shield)
rNeg    . . .        a - +0 animal skin
rPois   .            (helmet restricted)
rElec   .            (no cloak)
rCorr   .            (gloves unavailable)
SInv    .            (boots unavailable)
Will    .....        (no amulet) Stlth
                     (no ring)
HPRegen 1.23/turn    (no ring)
MPRegen 0.10/turn

%: no teleportation
@: berserking (expiring), very quick
A: large, unfitting armour, claws 3, regeneration 1, shaggy fur 1, tough skin 1
a: Renounce Religion, Berserk, Trog's Hand


You were in the Dungeon.
You worshipped Trog.
Trog was pleased with you.
You visited 1 branch

Inventory:

Armour
 a - a +0 animal skin (worn)
Scrolls
 g - a scroll of blinking
Potions
 b - a potion of curing
 c - a potion of heal wounds
 d - a potion of haste
 e - 2 potions of magic
 f - a potion of berserk rage


   Skills:
 + Level 9.1 Fighting
 + Level 9.0 Dodging
 + Level 10.7 Unarmed Combat


You had 7 spell levels left.
You didn't know any spells.
Your spell library was empty.

Dungeon Overview and Level Annotations

Branches:
Dungeon (1/1)

Altars:


Innate Abilities, Weirdness & Mutations

You are too large for most types of armour.
You have claws for hands.
Your natural rate of healing is unusually fast.
You are covered in fur. (AC +1)
You have tough skin. (AC +1)


Message History

You barely miss the dream sheep.
The dream sheep is lightly wounded.
The dream sheep bites you!
* * * LOW HITPOINT WARNING * * *
You claw the dream sheep!
The dream sheep is almost dead.
The dream sheep bites you but does no damage.
You mangle the dream sheep!!
You kill the dream sheep!
Trog accepts your kill.
The dream sheep bites you but does no damage.
Your Fighting skill increases to level 8!
Your Dodging skill increases to level 8!
Unknown command.
Unknown command.
Unknown command.
You mangle the dream sheep!!
You kill the dream sheep!
Trog accepts your kill. The dream sheep bites you!
* * * LOW HITPOINT WARNING * * *
Your Unarmed Combat skill increases to level 10!
Unknown command.
Unknown command.
Unknown command.
You mangle the dream sheep!!
You kill the dream sheep!
Trog accepts your kill.
Your Fighting skill increases to level 9!
Your Dodging skill increases to level 9!
You have reached level 8!
Unknown command.
Unknown command.
Unknown command.
You mangle the elephant!!
The elephant is heavily wounded.
You claw the elephant!
The elephant is severely wounded.
The elephant tramples you!
You die...

##########++######
#................#
#......#..#......#
#................+
+................+
#.....Y#..#......#
#.....@Y.........#
####'#####''######
#.......##''#
#.......##Y...
#.......##.....
#...<...##.....#
#.......##...###
#.......##..##
#.......#


You could see an elephant and a dream sheep.

Vanquished Creatures
  6 dream sheep (D)
6 creatures vanquished.

Notes
Turn   | Place    | Note
-------+----------+-------------------------------------------
     0 | D        | sircluck the Troll Berserker began the quest for the Orb.
     0 | D        | Reached XP level 1. HP: 22/22 MP: 0/0
    11 | D        | Noticed a dream sheep
    11 | D        | Noticed a dream sheep
    11 | D        | Noticed a dream sheep
    11 | D        | Noticed a dream sheep
    11 | D        | Noticed an elephant
    11 | D        | Noticed a dream sheep
    16 | D        | Noticed a dream sheep
    16 | D        | Noticed a dream sheep
    21 | D        | Killed a dream sheep
    22 | D        | Reached skill level 5 in Fighting
    22 | D        | Reached skill level 5 in Dodging
    22 | D        | Reached skill level 6 in Unarmed Combat
    22 | D        | Reached XP level 2. HP: 22/36 MP: 1/1
    22 | D        | Reached XP level 3. HP: 27/44 MP: 2/2
    22 | D        | Reached XP level 4. HP: 31/52 MP: 3/3
    22 | D        | Reached XP level 5. HP: 36/59 MP: 4/4
    23 | D        | Killed a dream sheep
    24 | D        | Reached skill level 8 in Unarmed Combat
    24 | D        | Reached XP level 6. HP: 46/71 MP: 5/5
    29 | D        | Killed a dream sheep
    29 | D        | Reached ** piety under Trog
    30 | D        | Reached skill level 9 in Unarmed Combat
    30 | D        | Reached XP level 7. HP: 23/79 MP: 6/6
    32 | D        | Killed a dream sheep
    33 | D        | Killed a dream sheep
    34 | D        | Reached skill level 10 in Unarmed Combat
    34 | D        | Killed a dream sheep
    35 | D        | Reached XP level 8. HP: 10/92 MP: 7/7
    36 | D        | Slain by an elephant

Illustrated notes

Levels and vault maps discovered:
D:        pitsprint [storerooms_1, entrance_room_1, metal_vault_4, armoury_3,
          mini_pit_1, grid_room_1, main_hall_1, silver_pit, the_coven_3,
          the_vestibule_1, steel_vault_2, golden_pit, hallway_of_sentries,
          crystal_vault_1, iron_vault_1, final_vault]

Skill      XL: |  1  2  3  4  5  6  7 |
---------------+----------------------+-----
Fighting       | 5 7 9 |  9.1
Dodging        | 5 6 7 9 |  9.0
Unarmed Combat | 6 8 9 10 | 10.7

Action                     |  1- 3 |  4- 6 |  7- 9 || total
---------------------------+-------+-------+-------++-------
  Melee: Unarmed           |     3 |     5 |     7 ||    15
         Punch             |       |     1 |       ||     1
 Invoke: Berserk           |       |     1 |       ||     1
 Armour: Animal skin       |     3 |     5 |     5 ||    13
  Dodge: Dodged            |     1 |     1 |       ||     2

Table legend: (Time is in decaauts)
 A = Elapsed time spent in this place.
 B = Non-inter-level travel time spent in this place.
 C = Inter-level travel time spent in this place.
 D = Time resting spent in this place.
 E = Time spent auto-exploring this place.
 F = Levels seen in this place.
 G = Mean time per level.
                   A        B        C        D        E       F      G
               +--------+--------+--------+--------+--------+-----+--------+
         Total |     32 |     32 |      0 |      0 |     11 |   1 |   32.0 |
       Dungeon |     32 |     32 |      0 |      0 |     11 |   1 |   32.0 |
               +--------+--------+--------+--------+--------+-----+--------+

Top non-repeatable levels by time:
       D: 32 daAuts
